 Dungeon Crawl Stone Soup version 0.23.2-1-ga50397a (webtiles) character file.

Game seed: 12740162251645483510

20756 dengdeng the Cleaver (level 12, -3/108 HPs)
             Began as a Minotaur Berserker on Apr 30, 2019.
             Was a High Priest of Trog.
             Slain by a vault guard
             ... wielding a +1 long sword of draining
              (5 damage)
             ... on level 13 of the Dungeon.
             The game lasted 00:44:11 (11878 turns).

dengdeng the Cleaver (Minotaur Berserker)          Turns: 11878, Time: 00:44:12

Health: -3/108     AC: 20    Str: 27    XL:     12   Next: 48%
Magic:  11/11      EV:  7    Int:  4    God:    Trog [*****.]
Gold:   519        SH:  0    Dex: 10    Spells: 11/11 levels left

rFire    . . .     SeeInvis .   Q - +2 battleaxe (chop)
rCold    . . .     Gourm    .   (shield currently unavailable)
rNeg     . . .     Faith    .   I - +2 plate armour
rPois    .         Spirit   .   (helmet restricted)
rElec    .         Reflect  .   y - +0 cloak
rCorr    .         Harm     .   O - +2 pair of gloves
MR       ++...                  (no boots)
Stlth    ..........             T - amulet of regeneration
HPRegen  0.68/turn              g - ring of protection from magic
MPRegen  0.12/turn              C - ring of protection from magic

@: berserk cooldown, very heavily drained
A: retaliatory headbutt, horns 2
a: Berserk, Trog's Hand, Brothers in Arms, Renounce Religion


You were on level 13 of the Dungeon.
You worshipped Trog.
Trog was extremely pleased with you.
You were very hungry.

You visited 1 branch of the dungeon, and saw 13 of its levels.
You also visited: Sewer.

You collected 669 gold pieces.
You spent 150 gold pieces at shops.

Inventory:

Hand Weapons
 x - a +3 morningstar of protection
 Q - a +2 battleaxe of chopping (weapon)
Missiles
 s - 172 stones
 N - 16 tomahawks (quivered)
Armour
 y - a +0 cloak (worn)
 I - a +2 plate armour (worn)
 O - a +2 pair of gloves (worn)
Jewellery
 g - a ring of protection from magic (left hand)
 C - a ring of protection from magic (right hand)
 H - an uncursed ring of resist corrosion
 J - a cursed amulet of inaccuracy {unknown}
 L - an uncursed ring of protection from fire
 T - an amulet of regeneration (around neck)
Wands
 r - a wand of paralysis (11)
 D - a wand of acid (19)
 F - a wand of iceblast (5)
 K - a wand of flame (11)
Scrolls
 a - a scroll of enchant weapon {unknown}
 e - a scroll of amnesia {unknown}
 h - 5 scrolls of noise {unknown}
 i - 3 scrolls of blinking {unknown}
 k - a scroll of silence {unknown}
 m - 11 scrolls of identify
 n - 8 scrolls of remove curse {unknown}
 t - 3 scrolls of fear {unknown}
 u - 3 scrolls of fog {unknown}
 v - 3 scrolls of magic mapping {unknown}
 E - a scroll of holy word {unknown}
 G - 2 scrolls of immolation {unknown}
Potions
 b - 6 potions of curing
 f - 3 potions of lignification {unknown}
 j - 2 potions of flight {unknown}
 o - a potion of magic {unknown}
 p - 4 potions of heal wounds {unknown}
 q - a potion of haste {unknown}
 w - a potion of brilliance {unknown}
 z - a potion of might {unknown}
 A - a potion of invisibility {unknown}
 B - a potion of berserk rage {unknown}
 S - a potion of cancellation {unknown}
Miscellaneous
 l - a sack of spiders
 R - a lightning rod (1/4)
Comestibles
 c - 12 rations
 d - 6 chunks of flesh


   Skills:
 + Level 10.8(5.4) Fighting
 + Level 13.6(9.2) Axes
 + Level 11.7(8.4) Maces & Flails
 + Level 0.6(0.0) Throwing
 + Level 13.0(7.4) Armour
 + Level 4.9(0.4) Dodging
 + Level 0.4(0.0) Stealth


You had 11 spell levels left.
You didn't know any spells.
Your spell library was empty.

Dungeon Overview and Level Annotations

Branches:
Dungeon (13/15)            Temple (0/1) D:7            Lair (0/6) D:9
    Orc (0/2) D:9
 Vaults: D:13-14

Altars:
Ashenzari
Dithmenos
Elyvilon
Ru
Zin
The Shining One

Shops:
D:4 *   D:5 %!*   D:10 ?!   D:11 [

Annotations:
D:12 2 transporters, davaitedunem's ghost, journeyman MiBe


Innate Abilities, Weirdness & Mutations

You reflexively headbutt those who attack you in melee.
You have a pair of horns on your head.


Message History

The vault guard hits you but does no damage.
You feel drained. The vault guard blocks your attack.
The vault guard is almost dead.
The vault guard hits you with a +1 long sword of draining.
* * * LOW HITPOINT WARNING * * *
You feel drained.
* * * LOW HITPOINT WARNING * * *
Some of the chunks of flesh in your inventory have rotted away.
The vault guard blocks your attack.
The vault guard is almost dead.
The vault guard hits you with a +1 long sword of draining!
* * * LOW HITPOINT WARNING * * *
You feel drained.
* * * LOW HITPOINT WARNING * * *
Unknown command.
The vault guard blocks your attack.
Your headbutt misses the vault guard.
The vault guard is almost dead.
The vault guard hits you with a +1 long sword of draining.
You die...

#### p§§p≈
#+#'#+###
...pp.'.#
p.....'.#
..p.p.'.# #p#
#p# #@# ##.#
#..# ##.## .
#######..# .
###.......## ..
#....###### ..#
##...####
...###.......##


You could see a vault guard and a human.

Vanquished Creatures
  A hydra (D:12)
  4 vault guards (D:13)
  A centaur warrior (D:12)
  4 two-headed ogres
  2 ugly things
  2 manticores
  A cyclops (D:12)
  Maurice (D:9)
  A centaur zombie (D:11)
  A centaur skeleton (D:13)
  4 trolls
  A hippogriff (D:8)
  20 yaks
  A wraith (D:12)
  5 humans (D:13)
  A steam dragon (D:13)
  Edmund (D:6)
  A soldier ant (D:11)
  A water moccasin (D:9)
  3 sky beasts
  6 orc warriors
  An ice beast (D:10)
  A necrophage (D:9)
  14 ogres
  3 centaurs
  A crocodile (D:12)
  A big kobold (Sewer)
  7 bullfrogs
  A wyvern zombie (D:13)
  5 scorpions
  12 killer bees
  11 wights
  A vampire bat (D:5)
  3 crimson imps
  3 howler monkeys (D:9)
  2 bullfrog zombies
  4 jellies
  4 orc priests
  A bullfrog skeleton (D:11)
  8 hounds
  6 orc wizards
  Natasha (thrice) (D:3)
  2 iguanas
  11 worker ants
  A howler monkey zombie (D:7)
  4 gnolls (D:3)
  2 river rats
  11 adders
  3 shadow imps
  An ooze (D:2)
  An adder zombie (D:8)
  5 worms
  3 dart slugs
  3 fire bats (D:5)
  6 leopard geckos
  53 orcs
  2 spectral bats (D:5)
  6 ball pythons
  12 bats
  3 bat skeletons (D:5)
  A bat zombie (D:5)
  8 giant cockroaches
  10 goblins
  4 hobgoblins
  7 jackals
  5 quokkas
  A bat simulacrum (D:5)
  4 frilled lizards
  9 kobolds
  12 rats
344 creatures vanquished.

Vanquished Creatures (others)
  A hound (D:13)
1 creature vanquished.

Grand Total: 345 creatures vanquished

Notes
Turn   | Place    | Note
-------+----------+-------------------------------------------
     0 | D:1      | dengdeng the Minotaur Berserker began the quest for the
                  | Orb.
     0 | D:1      | Reached XP level 1. HP: 19/19 MP: 0/0
   293 | D:1      | Reached XP level 2. HP: 27/27 MP: 1/1
   729 | D:2      | You fall through a shaft!
   756 | D:2      | Found a sacrificial altar of Ru.
   942 | D:2      | Found a shadowy altar of Dithmenos.
  1007 | D:2      | Reached XP level 3. HP: 32/33 MP: 2/2
  1037 | D:2      | Found a glowing silver altar of Zin.
  1074 | D:2      | You fall through a shaft!
  1074 | D:3      | Noticed Natasha
  1078 | D:3      | Killed Natasha
  1126 | D:3      | Reached XP level 4. HP: 41/41 MP: 3/3
  1134 | D:3      | Reached ** piety under Trog
  1361 | D:2      | Found a glowing golden altar of the Shining One.
  1615 | D:3      | Noticed Natasha
  1619 | D:3      | Killed Natasha
  1619 | D:3      | Reached skill level 5 in Axes
  1623 | D:3      | Reached XP level 5. HP: 32/47 MP: 4/4
  1843 | D:3      | Noticed Natasha
  1851 | D:3      | Killed Natasha
  1851 | D:3      | Reached skill level 1 in Maces & Flails
  2282 | D:4      | Found Veamiy's General Store.
  2303 | D:4      | Reached skill level 5 in Fighting
  2303 | D:4      | Reached XP level 6. HP: 55/56 MP: 5/5
  2370 | D:4      | Found a glowing drain.
  2383 | Sewer    | Entered a sewer
  2509 | Sewer    | Reached *** piety under Trog
  3242 | D:5      | Entered Level 5 of the Dungeon
  3261 | D:5      | Reached XP level 7. HP: 47/61 MP: 6/6
  3412 | D:5      | Found Ylaejepe's Distillery.
  3565 | D:5      | Found Qokhlenamp's General Store.
  3796 | D:5      | Reached skill level 5 in Armour
  3829 | D:5      | Found Tirof's Food Emporium.
  3991 | D:5      | Reached **** piety under Trog
  4288 | D:6      | Noticed Edmund
  4298 | D:6      | Killed Edmund
  4298 | D:6      | Reached skill level 5 in Maces & Flails
  4426 | D:6      | Reached XP level 8. HP: 70/70 MP: 7/7
  5499 | D:7      | Found a white marble altar of Elyvilon.
  5570 | D:7      | Found a staircase to the Ecumenical Temple.
  6302 | D:7      | Reached XP level 9. HP: 77/78 MP: 8/8
  6322 | D:8      | Noticed a two-headed ogre
  6329 | D:8      | Killed a two-headed ogre
  6485 | D:8      | Reached skill level 10 in Armour
  7080 | D:8      | Found a shattered altar of Ashenzari.
  7486 | D:9      | Found a staircase to the Orcish Mines.
  7507 | D:9      | Reached ***** piety under Trog
  7706 | D:9      | Noticed a troll
  7723 | D:9      | Reached XP level 10. HP: 82/88 MP: 9/9
  7736 | D:9      | Reached skill level 10 in Maces & Flails
  7962 | D:9      | Found a staircase to the Lair.
  7985 | D:9      | Noticed Maurice
  8000 | D:9      | Killed Maurice
  8061 | D:9      | Received a gift from Trog
  8412 | D:10     | Entered Level 10 of the Dungeon
  8736 | D:10     | Found Gulasop's Distillery.
  8747 | D:10     | Bought a potion of curing for 45 gold pieces
  9043 | D:10     | Found Zeguhid's Magic Scroll Shoppe.
  9046 | D:10     | Bought a scroll of enchant armour for 105 gold pieces
  9648 | D:11     | Reached XP level 11. HP: 53/95 MP: 10/10
  9827 | D:11     | Noticed a white ugly thing
  9837 | D:11     | Killed a white ugly thing
  9861 | D:11     | Found Dinufar's Antique Armour Shop.
 10490 | D:12     | Noticed a centaur warrior
 10499 | D:12     | Killed a centaur warrior
 10499 | D:12     | Reached skill level 10 in Axes
 10643 | D:12     | Noticed a five-headed hydra
 10656 | D:12     | Killed a five-headed hydra
 11069 | D:12     | Noticed a skeletal warrior
 11074 | D:12     | Found a transporter.
 11074 | D:12     | Noticed davaitedunem's ghost (journeyman MiBe)
 11081 | D:12     | Noticed a skeletal warrior
 11082 | D:12     | Found a transporter.
 11083 | D:12     | Noticed a death knight
 11098 | D:12     | Noticed a white ugly thing
 11105 | D:12     | Killed a white ugly thing
 11315 | D:12     | Noticed a two-headed ogre
 11315 | D:12     | Noticed a two-headed ogre
 11318 | D:12     | Noticed a two-headed ogre
 11324 | D:12     | Killed a two-headed ogre
 11325 | D:12     | Killed a two-headed ogre
 11325 | D:12     | Reached skill level 10 in Fighting
 11325 | D:12     | Reached XP level 12. HP: 106/106 MP: 11/11
 11331 | D:12     | Killed a two-headed ogre
 11520 | D:12     | Noticed a vampire knight
 11817 | D:13     | Noticed a vault guard
 11817 | D:13     | Noticed a vault guard
 11817 | D:13     | Noticed a vault guard
 11817 | D:13     | Noticed a vault guard
 11835 | D:13     | Killed a vault guard
 11841 | D:13     | Killed a vault guard
 11845 | D:13     | Killed a vault guard
 11845 | D:13     | Received a gift from Trog
 11855 | D:13     | Identified the +8 broad axe of Waiklyohoj {freeze, rElec
                  | rF+}
 11857 | D:13     | Noticed a vault guard
 11861 | D:13     | Killed a vault guard
 11877 | D:13     | HP: 5/108 [vault guard/+1 long sword of draining (13)]
 11877 | D:13     | HP: 1/108 [vault guard/+1 long sword of draining (4)]
 11878 | D:13     | Slain by a vault guard

Skill      XL: |  1  2  3  4  5  6  7  8  9 10 11 12 |
---------------+-------------------------------------+-----
Axes           | 4 5 8 12 13 | 13.6
Fighting       | 4 5 6 7 8 10 | 10.8
Armour         | 3 4 6 8 10 11 12 13 | 13.0
Dodging        | 3 4 |  4.9
Maces & Flails | 2 3 5 7 9 11 | 11.7
Throwing       | |  0.6
Stealth        | |  0.4

Action                   |  1- 3 |  4- 6 |  7- 9 | 10-12 || total
-------------------------+-------+-------+-------+-------++-------
Melee: Hand axe          |    44 |       |       |       ||    44
       Headbutt          |     6 |    22 |    40 |    98 ||   166
       Mace              |     6 |   151 |       |       ||   157
       Morningstar       |       |       |   284 |    91 ||   375
       Battleaxe         |       |       |       |   290 ||   290
Throw: Stone             |       |     2 |     4 |       ||     6
       Tomahawk          |       |       |       |     4 ||     4
Invok: Berserk           |       |     2 |     3 |     4 ||     9
Evoke: Lightning rod     |       |       |       |     3 ||     3
       Sack of spiders   |       |       |       |     1 ||     1
  Use: Scroll            |       |       |       |     6 ||     6
  Eat: Chunk             |     1 |     9 |    14 |    16 ||    40
       Ration            |       |       |     1 |       ||     1
Armor: Animal skin       |     3 |       |       |       ||     3
       Ring mail         |    12 |    23 |       |       ||    35
       Chain mail        |       |    56 |   110 |       ||   166
       Plate armour      |       |       |   119 |   255 ||   374
Dodge: Dodged            |    39 |    98 |   163 |   174 ||   474
